 Dungeon Crawl Stone Soup version 0.21.1-1-g345015f (webtiles) character file.

2284 tidbits the Grave Robber (level 9, 0/65 HPs)
             Began as a Gnoll Necromancer on June 13, 2018.
             Was a Follower of Cheibriados.
             Slain by Snorg (21 damage)
             ... on level 10 of the Dungeon.
             The game lasted 00:26:58 (2000 turns).

tidbits the Grave Robber (Gnoll Necromancer)        Turns: 2000, Time: 00:26:59

Health: 0/65       AC:  3    Str: 14    XL:     9   Next: 39%
Magic:  7/27       EV: 16    Int: 24    God:    Cheibriados [*.....]
Gold:   227        SH:  5    Dex: 18    Spells: 6/21 levels left

rFire    . . .     SeeInvis .   a - +2 dagger (venom)
rCold    + . .     Gourm    +   D - +0 buckler
rNeg     . . .     Faith    .   x - +0 robe
rPois    .         Spirit   .   (no helmet)
rElec    .         Reflect  .   I - +0 cloak
rCorr    .         Harm     .   (no gloves)
MR       .....                  (no boots)
Stlth    +++.......             d - amulet of the gourmand
HPRegen  0.20/turn              p - ring of magical power
MPRegen  0.20/turn              Q - ring of protection from cold

@: very slow
A: distributed training, fangs 1, strong nose
a: Bend Time, Renounce Religion


You were on level 10 of the Dungeon.
You worshipped Cheibriados.
Cheibriados was aware of your devotion.
You were not hungry.

You visited 2 branches of the dungeon, and saw 11 of its levels.
You also visited: Sewer.

You collected 227 gold pieces.

Inventory:

Hand Weapons
 a - a +2 dagger of venom (weapon)
   (You took it off an orc on level 6 of the Dungeon)
 b - a +0 flail
 e - a +0 short sword
 f - a +0 dagger
 z - a +0 war axe
 J - a +0 hunting sling
Missiles
 l - 2 throwing nets {!f}
 q - 49 sling bullets
 s - 52 arrows
 u - 3 tomahawks (quivered)
Armour
 x - a +0 robe (worn)
 y - a +0 buckler
 D - a +0 buckler (worn)
 I - a +0 cloak (worn)
Magical Staves
 L - an uncursed staff of energy {unknown}
   (You found it on level 6 of the Dungeon)
Jewellery
 d - an amulet of the gourmand (around neck)
   (You found it on level 1 of the Dungeon)
 p - a ring of magical power (left hand)
   (You found it on level 3 of the Dungeon)
 C - an uncursed ring of stealth
   (You found it on level 5 of the Dungeon)
 Q - a ring of protection from cold (right hand)
   (You found it on level 8 of the Dungeon)
Wands
 O - a wand of digging (15)
Scrolls
 g - a scroll of amnesia {unknown}
 h - 2 scrolls of remove curse
 i - a scroll of fog
 m - a scroll of random uselessness {unknown}
 n - a scroll of identify
 r - a scroll of enchant armour {unknown}
 t - 3 scrolls of blinking
 w - 2 scrolls of teleportation
 B - a scroll of fear {unknown}
 F - a scroll of magic mapping {unknown}
 G - a scroll of noise {unknown}
 H - a scroll of immolation {unknown}
Potions
 j - 3 potions of magic
 k - 3 potions of lignification {unknown}
 v - a potion of curing
 A - 2 potions of heal wounds {unknown}
 E - a potion of cancellation {unknown}
 K - a potion of might {unknown}
 R - a potion of degeneration {unknown}
Books
 o - a book of Necromancy

   Spells                             Type                      Level
   a - Pain                           Necromancy                   1
   b - Animate Skeleton               Necromancy                   1
   c - Vampiric Draining              Necromancy                   3
   d - Regeneration                   Charms/Necromancy            3
   e - Animate Dead                   Necromancy                   4
   f - Borgnjor's Vile Clutch         Necromancy/Earth             5
 M - a book of Power
   (You found it on level 7 of the Dungeon)

   Spells                             Type                      Level
   a - Iskenderun's Battlesphere      Conjuration/Charms           5
   b - Venom Bolt                     Conjuration/Poison           5
   c - Bolt of Magma                  Conjuration/Fire/Earth       5
   d - Iron Shot                      Conjuration/Earth            6
   e - Orb of Destruction             Conjuration                  7
   f - Spellforged Servitor           Conjuration/Summoning        7
 N - a book of Maledictions
   (You found it on level 9 of the Dungeon)

   Spells                             Type                      Level
   a - Corona                         Hexes                        1
   b - Ensorcelled Hibernation        Hexes/Ice                    2
   c - Confuse                        Hexes                        3
   d - Tukima's Dance                 Hexes                        3
   e - Dazzling Spray                 Conjuration/Hexes            3
Comestibles
 c - 4 rations


   Skills:
 + Level 4.1 Fighting
 + Level 4.1 Short Blades
 + Level 4.1 Long Blades
 + Level 4.1 Axes
 + Level 4.1 Maces & Flails
 + Level 4.1 Polearms
 + Level 4.1 Staves
 + Level 4.1 Slings
 + Level 4.1 Bows
 + Level 4.1 Crossbows
 + Level 4.1 Throwing
 + Level 4.1 Armour
 + Level 6.2 Dodging
 + Level 5.9 Stealth
 + Level 4.1 Shields
 + Level 4.1 Unarmed Combat
 + Level 6.5 Spellcasting
 + Level 3.4 Conjurations
 + Level 3.4 Hexes
 + Level 3.4 Charms
 + Level 3.4 Summonings
 + Level 7.9 Necromancy
 + Level 3.4 Translocations
 + Level 3.4 Transmutations
 + Level 3.4 Fire Magic
 + Level 3.4 Ice Magic
 + Level 3.4 Air Magic
 + Level 3.4 Earth Magic
 + Level 3.4 Poison Magic
 + Level 4.5 Invocations
 + Level 4.1 Evocations


You had 6 spell levels left.
You knew the following spells:

 Your Spells              Type           Power        Failure   Level  Hunger
a - Pain                  Necr           ####         1%          1    None
d - Vampiric Draining     Necr           #####.....   1%          3    None
e - Ensorcelled Hibernat  Hex/Ice        ###...       2%          2    None
n - Animate Skeleton      Necr           N/A          1%          1    None
r - Regeneration          Chrm/Necr      #####.....   2%          3    None
v - Borgnjor's Vile Clut  Necr/Erth      #####.....   21%         5    #####..


Dungeon Overview and Level Annotations

Branches:
Dungeon (10/15)            Temple (1/1) D:6
   Lair: D:8-11         Orc: D:9-12

Altars:
Cheibriados
Dithmenos
Gozag
Okawaru
Qazlal
Uskayaw
Vehumet
Yredelemnul

Annotations:
D:10 Snorg; inc's ghost, journeyman DsMo


Innate Abilities, Weirdness & Mutations

Your experience applies equally to all skills.
You have very sharp teeth.
Your uncanny sense of smell can sniff out nearby items.


Message History

Okay, then.
Found a stone staircase leading down.
Casting: Vampiric Draining
Confirm with . or Enter, or press ? or * to list all spells.
Aiming: Ensorcelled Hibernation
Press: ? - help, Shift-Dir - straight line, f - Snorg
Aim: Snorg (chance to defeat MR: 21%) Snorg resists with almost no effort.
Snorg bites you. Snorg closely misses you. Snorg claws you.
Casting: Ensorcelled Hibernation
Confirm with . or Enter, or press ? or * to list all spells.
Aiming: Ensorcelled Hibernation
Press: ? - help, Shift-Dir - straight line, f/p - Snorg
Aim: Snorg (chance to defeat MR: 21%) Snorg resists with almost no effort.
Snorg barely misses you. You block Snorg's attack. Snorg claws you.
Casting: Ensorcelled Hibernation
Confirm with . or Enter, or press ? or * to list all spells.
Aiming: Ensorcelled Hibernation
Press: ? - help, Shift-Dir - straight line, f/p - Snorg
Aim: Snorg (chance to defeat MR: 21%) Snorg resists with almost no effort.
Snorg closely misses you. x2
You block Snorg's attack.
Casting: Ensorcelled Hibernation
Confirm with . or Enter, or press ? or * to list all spells.
Aiming: Ensorcelled Hibernation
Press: ? - help, Shift-Dir - straight line, f/p - Snorg
Aim: Snorg (chance to defeat MR: 21%) Snorg resists with almost no effort.
Snorg completely misses you. x3
Casting: Ensorcelled Hibernation
Confirm with . or Enter, or press ? or * to list all spells.
Aiming: Ensorcelled Hibernation
Press: ? - help, Shift-Dir - straight line, f/p - Snorg
Aim: Snorg (chance to defeat MR: 21%) Snorg resists with almost no effort.
Snorg bites you. Snorg closely misses you. Snorg claws you.
Casting: Ensorcelled Hibernation
Confirm with . or Enter, or press ? or * to list all spells.
Aiming: Ensorcelled Hibernation
Press: ? - help, Shift-Dir - straight line, f/p - Snorg
Aim: Snorg (chance to defeat MR: 21%) Snorg resists with almost no effort.
You block Snorg's attack. Snorg barely misses you. Snorg closely misses you.
Casting: Ensorcelled Hibernation
Confirm with . or Enter, or press ? or * to list all spells.
Aiming: Ensorcelled Hibernation
Press: ? - help, Shift-Dir - straight line, f/p - Snorg
Aim: Snorg (chance to defeat MR: 21%) Snorg resists with almost no effort.
Snorg bites you. You block Snorg's attack. Snorg claws you but does no damage.
Casting: Ensorcelled Hibernation
Confirm with . or Enter, or press ? or * to list all spells.
Aiming: Ensorcelled Hibernation
Press: ? - help, Shift-Dir - straight line, f/p - Snorg
Aim: Snorg (chance to defeat MR: 21%) Snorg resists with almost no effort.
Snorg bites you. Snorg barely misses you. Snorg closely misses you.
Casting: Ensorcelled Hibernation
Confirm with . or Enter, or press ? or * to list all spells.
Aiming: Ensorcelled Hibernation
Press: ? - help, Shift-Dir - straight line, f/p - Snorg
Aim: Snorg (chance to defeat MR: 21%) Snorg resists with almost no effort.
Snorg goes berserk!
Casting: Ensorcelled Hibernation
Confirm with . or Enter, or press ? or * to list all spells.
You can't see any susceptible monsters within range! (Use Z to cast anyway.) Unknown command.
Casting: Ensorcelled Hibernation
Confirm with . or Enter, or press ? or * to list all spells.
You don't know that spell.
Evoke which item? (* to show all) (? for menu, Esc to quit)
Aiming: Cloud Cone
Press: ? - help, Dir - move target cursor, f/p - Snorg
Aim: Snorg (berserk, fast, unusually strong)
You create a blast of flame!
The now-empty wand crumbles to dust.
Snorg is engulfed in blazing flames.
Snorg bites you. Snorg completely misses you. Snorg claws you!
* * * LOW HITPOINT WARNING * * *
Casting: Ensorcelled Hibernation
Confirm with . or Enter, or press ? or * to list all spells.
You don't know that spell.
Unknown command.
Casting: Ensorcelled Hibernation
Confirm with . or Enter, or press ? or * to list all spells.
Aiming: Borgnjor's Vile Clutch
Press: ? - help, Dir - move target cursor, f/p - Snorg
Aim: Snorg (flame, lightly wounded, berserk, fast, unusually strong)
Okay, then.
Unknown command.
Casting: Borgnjor's Vile Clutch
Confirm with . or Enter, or press ? or * to list all spells.
Aiming: Vampiric Draining
Press: ? - help, Shift-Dir - straight line, f/p - Snorg
Aim: Snorg (flame, lightly wounded, berserk, fast, unusually strong) Snorg is lightly wounded.
You feel life coursing into your body.
Snorg is engulfed in blazing flames.
Snorg bites you!
* * * LOW HITPOINT WARNING * * *
Snorg claws you!!
You die...

############
.....>.....#
...........#
...........#
#####+####
...........#
#........(
...........#
#.........
.........§§+
#.........
.......@T§§#
+.........
.........§§#
#.........
...........#
#......<..
#########'##
#######'##
#.# #.##
##.# #..#
##..# ##.#
#..## #.. ∆∆
#.##
#########


You could see Snorg (berserk).

Vanquished Creatures
  Joseph (D:7)
  A hippogriff (D:8)
  2 water moccasins
  A sky beast (D:10)
  An ice beast (D:7)
  2 orc warriors (D:9)
  3 ogres
  2 bullfrogs
  A gnoll sergeant (D:6)
  A wyvern skeleton (D:6)
  A scorpion (D:7)
  A howler monkey (D:6)
  A crimson imp (D:5)
  2 orc priests
  Crazy Yiuf (D:7)
  A hound (D:9)
  2 jellies
  5 orc wizards
  3 iguanas
  2 worker ants
  A hound zombie (D:9)
  A gnoll (D:6)
  2 adders
  5 river rats
  A shadow imp (D:6)
  An adder zombie (D:5)
  A dart slug (D:1)
  A leopard gecko (D:6)
  16 orcs
  3 ball pythons
  2 bats
  2 giant cockroaches
  3 goblins
  3 hobgoblins
  3 jackals (D:3)
  A quokka (D:6)
  6 frilled lizards (Sewer)
  5 kobolds
  A quokka zombie (D:9)
  12 rats
104 creatures vanquished.

Vanquished Creatures (others)
  3 plants (D:9)
3 creatures vanquished.

Grand Total: 107 creatures vanquished

Notes
Turn   | Place    | Note
-------+----------+-------------------------------------------
     0 | D:1      | tidbits the Gnoll Necromancer began the quest for the Orb.
     0 | D:1      | Reached XP level 1. HP: 13/13 MP: 6/6
    49 | D:1      | Reached XP level 2. HP: 8/19 MP: 2/7
    52 | D:1      | Learned a level 1 spell: Animate Skeleton
   177 | D:2      | Found a hide-covered altar of Uskayaw.
   259 | D:2      | Reached XP level 3. HP: 3/25 MP: 2/9
   264 | D:2      | Learned a level 3 spell: Vampiric Draining
   268 | D:2      | Learned a level 3 spell: Regeneration
   291 | D:3      | Reached skill level 5 in Spellcasting
   375 | D:3      | Reached skill level 1 in Invocations
   423 | D:5      | Entered Level 5 of the Dungeon
   423 | D:5      | Noticed an ogre
   431 | D:5      | Killed an ogre
   431 | D:5      | Reached skill level 1 in Fighting
   431 | D:5      | Reached skill level 1 in Short Blades
   431 | D:5      | Reached skill level 1 in Long Blades
   431 | D:5      | Reached skill level 1 in Axes
   431 | D:5      | Reached skill level 1 in Maces & Flails
   431 | D:5      | Reached skill level 1 in Polearms
   431 | D:5      | Reached skill level 1 in Staves
   431 | D:5      | Reached skill level 1 in Slings
   431 | D:5      | Reached skill level 1 in Bows
   431 | D:5      | Reached skill level 1 in Crossbows
   431 | D:5      | Reached skill level 1 in Throwing
   431 | D:5      | Reached skill level 1 in Armour
   431 | D:5      | Reached skill level 1 in Shields
   431 | D:5      | Reached skill level 1 in Unarmed Combat
   431 | D:5      | Reached skill level 1 in Conjurations
   431 | D:5      | Reached skill level 1 in Hexes
   431 | D:5      | Reached skill level 1 in Charms
   431 | D:5      | Reached skill level 1 in Summonings
   431 | D:5      | Reached skill level 1 in Translocations
   431 | D:5      | Reached skill level 1 in Transmutations
   431 | D:5      | Reached skill level 1 in Fire Magic
   431 | D:5      | Reached skill level 1 in Ice Magic
   431 | D:5      | Reached skill level 1 in Air Magic
   431 | D:5      | Reached skill level 1 in Earth Magic
   431 | D:5      | Reached skill level 1 in Poison Magic
   431 | D:5      | Reached skill level 1 in Evocations
   431 | D:5      | Reached XP level 4. HP: 13/32 MP: 4/11
   431 | D:5      | Reached XP level 5. HP: 15/37 MP: 4/12
   644 | D:6      | Reached skill level 2 in Invocations
   644 | D:6      | Reached XP level 6. HP: 21/44 MP: 9/13
   722 | D:5      | Found a glowing drain.
   732 | Sewer    | Entered a sewer
   821 | Sewer    | Reached skill level 5 in Dodging
   995 | D:5      | Found an opulent altar of Gozag.
  1096 | D:5      | Reached skill level 2 in Fighting
  1096 | D:5      | Reached skill level 2 in Short Blades
  1096 | D:5      | Reached skill level 2 in Long Blades
  1096 | D:5      | Reached skill level 2 in Axes
  1096 | D:5      | Reached skill level 2 in Maces & Flails
  1096 | D:5      | Reached skill level 2 in Polearms
  1096 | D:5      | Reached skill level 2 in Staves
  1096 | D:5      | Reached skill level 2 in Slings
  1096 | D:5      | Reached skill level 2 in Bows
  1096 | D:5      | Reached skill level 2 in Crossbows
  1096 | D:5      | Reached skill level 2 in Throwing
  1096 | D:5      | Reached skill level 2 in Armour
  1096 | D:5      | Reached skill level 2 in Shields
  1096 | D:5      | Reached skill level 2 in Unarmed Combat
  1096 | D:5      | Reached skill level 2 in Evocations
  1134 | D:6      | Reached XP level 7. HP: 36/50 MP: 15/15
  1238 | D:7      | Reached skill level 2 in Conjurations
  1238 | D:7      | Reached skill level 2 in Hexes
  1238 | D:7      | Reached skill level 2 in Charms
  1238 | D:7      | Reached skill level 2 in Summonings
  1238 | D:7      | Reached skill level 2 in Translocations
  1238 | D:7      | Reached skill level 2 in Transmutations
  1238 | D:7      | Reached skill level 2 in Fire Magic
  1238 | D:7      | Reached skill level 2 in Ice Magic
  1238 | D:7      | Reached skill level 2 in Air Magic
  1238 | D:7      | Reached skill level 2 in Earth Magic
  1238 | D:7      | Reached skill level 2 in Poison Magic
  1298 | D:7      | Reached skill level 5 in Stealth
  1319 | D:7      | Found a runed door.
  1323 | D:7      | Noticed Crazy Yiuf
  1327 | D:7      | Killed Crazy Yiuf
  1387 | D:7      | Noticed Joseph
  1400 | D:7      | Killed Joseph
  1400 | D:7      | Reached skill level 3 in Fighting
  1400 | D:7      | Reached skill level 3 in Short Blades
  1400 | D:7      | Reached skill level 3 in Long Blades
  1400 | D:7      | Reached skill level 3 in Axes
  1400 | D:7      | Reached skill level 3 in Maces & Flails
  1400 | D:7      | Reached skill level 3 in Polearms
  1400 | D:7      | Reached skill level 3 in Staves
  1400 | D:7      | Reached skill level 3 in Slings
  1400 | D:7      | Reached skill level 3 in Bows
  1400 | D:7      | Reached skill level 3 in Crossbows
  1400 | D:7      | Reached skill level 3 in Throwing
  1400 | D:7      | Reached skill level 3 in Armour
  1400 | D:7      | Reached skill level 3 in Shields
  1400 | D:7      | Reached skill level 3 in Unarmed Combat
  1400 | D:7      | Reached skill level 3 in Invocations
  1400 | D:7      | Reached skill level 3 in Evocations
  1400 | D:7      | Reached XP level 8. HP: 46/58 MP: 12/16
  1458 | D:6      | Reached skill level 6 in Spellcasting
  1492 | D:6      | Found a staircase to the Ecumenical Temple.
  1521 | Temple   | Entered the Ecumenical Temple
  1528 | Temple   | Became a worshipper of Cheibriados the Contemplative
  1637 | D:8      | Found a shadowy altar of Dithmenos.
  1637 | D:8      | Found a stormy altar of Qazlal.
  1719 | D:9      | Noticed a hippogriff
  1736 | D:9      | Learned a level 5 spell: Borgnjor's Vile Clutch
  1749 | D:9      | Learned a level 2 spell: Ensorcelled Hibernation
  1764 | D:9      | Reached skill level 3 in Conjurations
  1764 | D:9      | Reached skill level 3 in Hexes
  1764 | D:9      | Reached skill level 3 in Charms
  1764 | D:9      | Reached skill level 3 in Summonings
  1764 | D:9      | Reached skill level 3 in Translocations
  1764 | D:9      | Reached skill level 3 in Transmutations
  1764 | D:9      | Reached skill level 3 in Fire Magic
  1764 | D:9      | Reached skill level 3 in Ice Magic
  1764 | D:9      | Reached skill level 3 in Air Magic
  1764 | D:9      | Reached skill level 3 in Earth Magic
  1764 | D:9      | Reached skill level 3 in Poison Magic
  1764 | D:9      | Reached skill level 4 in Invocations
  1768 | D:9      | Reached skill level 6 in Dodging
  1768 | D:9      | Reached XP level 9. HP: 65/65 MP: 18/18
  1802 | D:9      | Reached * piety under Cheibriados
  1864 | D:8      | Reached skill level 4 in Fighting
  1864 | D:8      | Reached skill level 4 in Short Blades
  1864 | D:8      | Reached skill level 4 in Long Blades
  1864 | D:8      | Reached skill level 4 in Axes
  1864 | D:8      | Reached skill level 4 in Maces & Flails
  1864 | D:8      | Reached skill level 4 in Polearms
  1864 | D:8      | Reached skill level 4 in Staves
  1864 | D:8      | Reached skill level 4 in Slings
  1864 | D:8      | Reached skill level 4 in Bows
  1864 | D:8      | Reached skill level 4 in Crossbows
  1864 | D:8      | Reached skill level 4 in Throwing
  1864 | D:8      | Reached skill level 4 in Armour
  1864 | D:8      | Reached skill level 4 in Shields
  1864 | D:8      | Reached skill level 4 in Unarmed Combat
  1864 | D:8      | Reached skill level 4 in Evocations
  1931 | D:10     | Entered Level 10 of the Dungeon
  1965 | D:10     | Noticed inc's ghost (journeyman DsMo)
  1986 | D:10     | Noticed Snorg
  2000 | D:10     | Slain by Snorg

Skill      XL: |  1  2  3  4  5  6  7  8  9 |
---------------+----------------------------+-----
Spellcasting   | 5 6 |  6.5
Invocations    | 1 2 3 4 |  4.5
Fighting       | 1 2 3 4 |  4.1
Short Blades   | 1 2 3 4 |  4.1
Long Blades    | 1 2 3 4 |  4.1
Axes           | 1 2 3 4 |  4.1
Maces & Flails | 1 2 3 4 |  4.1
Polearms       | 1 2 3 4 |  4.1
Staves         | 1 2 3 4 |  4.1
Slings         | 1 2 3 4 |  4.1
Bows           | 1 2 3 4 |  4.1
Crossbows      | 1 2 3 4 |  4.1
Throwing       | 1 2 3 4 |  4.1
Armour         | 1 2 3 4 |  4.1
Shields        | 1 2 3 4 |  4.1
Unarmed Combat | 1 2 3 4 |  4.1
Conjurations   | 1 2 3 |  3.4
Hexes          | 1 2 3 |  3.4
Charms         | 1 2 3 |  3.4
Summonings     | 1 2 3 |  3.4
Translocations | 1 2 3 |  3.4
Transmutations | 1 2 3 |  3.4
Fire Magic     | 1 2 3 |  3.4
Ice Magic      | 1 2 3 |  3.4
Air Magic      | 1 2 3 |  3.4
Earth Magic    | 1 2 3 |  3.4
Poison Magic   | 1 2 3 |  3.4
Evocations     | 1 2 3 4 |  4.1
Dodging        | 5 6 |  6.2
Stealth        | 5 |  5.9
Necromancy     | |  7.9

Action                   |  1- 3 |  4- 6 |  7- 9 || total
-------------------------+-------+-------+-------++-------
Melee: Short sword       |     2 |     1 |       ||     3
       Dagger            |       |    50 |    46 ||    96
       Bite              |       |     4 |     3 ||     7
       Flail             |       |       |    26 ||    26
Throw: Throwing net      |       |     3 |     1 ||     4
       Tomahawk          |       |       |     8 ||     8
       Stone             |       |       |     1 ||     1
 Cast: Pain              |    41 |    41 |    18 ||   100
       Regeneration      |     1 |     4 |     5 ||    10
       Vampiric Draining |       |     4 |    21 ||    25
       Animate Skeleton  |       |       |     1 ||     1
       Borgnjor's Vile C |       |       |     3 ||     3
       Ensorcelled Hiber |       |       |    14 ||    14
Evoke: Wand              |       |       |     2 ||     2
  Use: Scroll            |     1 |       |     4 ||     5
       Potion            |       |     1 |     1 ||     2
 Stab: Sleeping          |     2 |     2 |    11 ||    15
  Eat: Chunk             |       |     1 |     5 ||     6
Armor: Robe              |       |     4 |    12 ||    16
Dodge: Dodged            |     6 |    35 |    75 ||   116
Block: Buckler           |       |       |    19 ||    19

Table legend:
 A = Turns spent in this place as a percentage of turns spent in the entire game.
 B = Non-inter-level travel turns spent in this place as a percentage of non-inter-level travel turns spent in the entire game.
 C = Inter-level travel turns spent in this place as a percentage of turns spent in this place.
 D = Turns resting spent in this place as a percentage of non-inter-level travel turns spent in this place.
 E = Turns spent auto-exploring this place as a percentage of non-inter-level travel turns spent in this place.
 F = Non-inter-level travel turns spent in this place divided by the number of levels of this place that you've seen.
                   A       B       C       D       E      F
               +-------+-------+-------+-------+-------+----------------------
         Total | 100.0 | 100.0 |   1.8 |   0.0 |   0.0 | 163.8
       Dungeon |  88.8 |  88.5 |   2.0 |   0.0 |   0.0 | 174.0
        Temple |   0.8 |   0.8 |   0.0 |   0.0 |   0.0 |  16.0
         Sewer |  10.4 |  10.6 |   0.0 |   0.0 |   0.0 | 209.0
               +-------+-------+-------+-------+-------+----------------------

Table legend:
 A = Kills in this place as a percentage of kills in entire the game.
 B = Kills by you in this place as a percentage of kills by you in the entire game.
 C = Kills by friends in this place as a percentage of kills by friends in the entire game.
 D = Other kills in this place as a percentage of other kills in the entire game.
 E = Experience gained in this place as a percentage of experience gained in the entire game.
 F = Experience gained in this place divided by the number of levels of this place that you have seen.
                   A       B       C       D       E      F
               +-------+-------+-------+-------+-------+----------------------
         Total | 100.0 | 100.0 |   N/A |   N/A | 100.0 | 271.9
       Dungeon |  82.7 |  82.7 |   N/A |   N/A |  99.0 | 323.2
         Sewer |  17.3 |  17.3 |   N/A |   N/A |   1.0 |  31.0
               +-------+-------+-------+-------+-------+----------------------

Vault maps used:
D:1:      lightli_arrival_lavapool
D:2:      kennysheep_big_flooded_room, lemuel_round_altar, first_ration
D:4:      minmay_surrounded, uniq_edmund
D:5:      kennysheep_mini, portal_sewer_entry_b
D:6:      minmay_temple_entry_glass
D:7:      lemuel_doored_altar, basic_altar, uniq_joseph, uniq_crazy_yiuf_cottage
D:8:      gammafunk_temple_overflow_statue, david_lair_shrubbed,
          makhleb_heckhound_becter
D:9:      fedhas_altar_decomposition, lemuel_coloured_pillars_altar
D:10:     hangedman_pestilent_swarm, minmay_bent, uniq_fannar, uniq_snorg
Temple:   eino_wide_crystal_templ
Sewer:    sewer_co_cracked_pipes
